Match 45449730
Unlisted

Match 45449730
End
Scout Squad
Construct Weapon Support Center
Engineer Squad
M1919 Machine Gun Team
Bazooka Squad
Infantry Support Center
M1919 Machine Gun Team
Selects Armored Battlegroup
Selects Veteran Crews
M3 Armored Personnel Carrier
Selects M31 Recovery Vehicle
Construct Medical Station
Bazooka Squad
Construct Motor Pool
Selects War Machine
M24 Chaffee Light Tank
M24 Chaffee Light Tank
Selects Strength in Steel
M1919 Machine Gun Team
Advanced Logistics
Engineer Squad
Stana
Skeng.Tecnica.International
0
0

Comments sign in to comment!

No comments posted yet!